 Dungeon Crawl Stone Soup version 0.31-a0-889-g1a8549509d (webtiles) character file.

Game seed: 10515532347833432118

68 Xavori the Cutter (level 4, 0/31 HPs)
             Began as an Octopode Chaos Knight on Oct 17, 2023.
             Was a Plaything of Xom.
             Slain by an orc
             ... wielding a +0 trident
              (10 damage)
             ... on level 2 of the Dungeon.
             The game lasted 00:01:32 (7539 turns).

Xavori the Cutter (Octopode Chaos Knight)           Turns: 7539, Time: 00:01:33

Health: 0/31       AC:  1    Str:  7    XL:     4   Next: 19%
Magic:  4/4        EV: 13    Int: 14    God:    Xom [...*..]
Gold:   18         SH:  0    Dex: 13    Spells: 3/3 levels left

rFire   + . .        a - +0 short sword (chaos)
rCold   . . .        (no shield)
rNeg    . . .        (helmet restricted)
rPois   .            (no amulet)
rElec   .            (no ring)
rCorr   .            (no ring)
SInv    .            (no ring)
Will    .....        (no ring)
Stlth   +++          (no ring)
HPRegen 0.25/turn    (no ring)
MPRegen 0.09/turn    (no ring)
                     (no ring)

%: no passive effects
@: no status effects
A: almost no armour, amphibious, 8 rings, camouflage 1, gelatinous body 1,
(nimble swimmer 1), tentacles, fire resistance 1, screaming 1, weak 2
a: Renounce Religion


You were on level 2 of the Dungeon.
You worshipped Xom.
You were a favourite toy of Xom.
You visited 1 branch of the dungeon, and saw 2 of its levels.

You collected 18 gold pieces.

Inventory:

Hand Weapons
 a - a +0 short sword of chaos (weapon)
Missiles
 k - 2 throwing nets
Jewellery
 j - a ring of see invisible
Scrolls
 b - a scroll of butterflies
 c - 5 scrolls of identify {unknown}
 d - 3 scrolls of teleportation {unknown}
 f - a scroll of amnesia {unknown}
 g - 2 scrolls of fear {unknown}
 h - a scroll of torment {unknown}
 l - a scroll of immolation
Potions
 e - 2 potions of resistance {unknown}
 i - a potion of haste {unknown}
 m - a potion of attraction {unknown}


   Skills:
 + Level 3.5 Fighting
 + Level 3.7 Short Blades
 + Level 2.7 Dodging
 + Level 2.7 Stealth


You had 3 spell levels left.
You didn't know any spells.
Your spell library contained the following spells:

 Spells                   Type           Power      Damage    Failure   Level
 Sandblast                Erth           0%         2d4       28%         1
 Lesser Beckoning         Tloc           0%         N/A       41%         2
 Passwall                 Tmut/Erth      0%         N/A       41%         2
 Scorch                   Fire           0%         2d5       41%         2
 Gell's Gravitas          Tloc           0%         N/A       65%         3
 Stone Arrow              Conj/Erth      0%         3d7       65%         3
 Teleport Other           Tloc           0%         N/A       65%         3
 Brom's Barrelling Bould  Conj/Erth      0%         2d3       96%         4
 Flame Wave               Conj/Fire      0%         2d4       96%         4
 Summon Cactus Giant      Summ           0%         N/A       100%        6


Dungeon Overview and Level Annotations

Branches:
Dungeon (2/15)

Altars:

Shops:
D:2 :


Innate Abilities, Weirdness & Mutations

You cannot wear most types of armour.
You are amphibious.
You can wear up to eight rings at the same time.
Your skin changes colour to match your surroundings (Stealth+).
Your rubbery body absorbs attacks. (AC +1, EV +1)
((You are camouflaged when in or above water. (Stealth+)))
You have tentacles for arms and can constrict up to eight enemies at once.
Your flesh is heat resistant. (rF+)
You occasionally shout uncontrollably at your foes.
You are very weak. (Str -4)


Message History

3 orcs come into view.
You yell at the orc!
The rat closely misses you. The orc closely misses you.
You hit the orc.
Space warps around the orc.
You grab the orc. You squeeze the orc, but do no damage.
The orc is heavily wounded.
You constrict the orc, but do no damage.
There are monsters nearby!
You hit the orc. You drain the orc.
You kill the orc!
The rat bites you. The orc misses you.
You hit the orc. Your grab misses the orc. Your squeeze misses the orc.
The orc is severely wounded.
The orc hits you from afar with a +0 trident.
The rat misses you. The orc hits you with a +0 hand axe.
Unknown command.
You hit the orc.
You kill the orc!
The orc hits you from afar with a +0 trident.
The rat misses you.
Unknown command.
You hit the orc but do no damage.
The orc is poisoned.
Your grab misses the orc.
The rat twitches its whiskers.
The rat barely misses you. The orc misses you. The orc barely misses you.
Unknown command.
You barely miss the orc. You grab the orc.
You constrict the orc, but do no damage.
Unknown command.
You hit the orc. You freeze the orc. You squeeze the orc.
You kill the orc!
The orc closely misses you. The rat bites you.
The orc hits you with a +0 dagger.
You are too injured to fight recklessly!
You are too injured to fight recklessly!
You barely miss the orc. Your grab misses the orc.
The orc is heavily wounded.
The orc closely misses you. The rat bites you.
The orc hits you from afar with a +0 trident!
You die... "This toy is broken."

########.....#
####..# #...#.#
#...#.# ########
#...#.# #......#
#...#.. ###......#
#...... #.)oro...#
##...... #..@#
#...#... # #...#
#.###... #.#...#
#.##..## #.....##
#.##.... ##.....##
#.##.###
##.....#######.##.#
#...#............#
#...########.>.###
#...# #####


You could see 2 orcs and a rat.

Vanquished Creatures
  A gnoll (D:2)
  An adder (D:2)
  2 dart slugs
  3 orcs (D:2)
  3 ball pythons (D:1)
  2 endoplasms (D:1)
  A quokka (D:1)
  4 bats
  A frilled lizard (D:2)
  A goblin (D:2)
  3 kobolds
  2 rats (D:1)
24 creatures vanquished.

Vanquished Creatures (collateral kills)
  2 gnolls (D:2)
  A bat (D:2)
  A frilled lizard (D:2)
  A rat (D:2)
5 creatures vanquished.

Grand Total: 29 creatures vanquished

Notes
Turn   | Place    | Note
-------+----------+-------------------------------------------
     0 | D:1      | Xavori the Octopode Chaos Knight began the quest for the
                  | Orb.
     0 | D:1      | Reached XP level 1. HP: 16/16 MP: 1/1
   154 | D:1      | Reached XP level 2. HP: 21/21 MP: 2/2
   193 | D:1      | XOM: divination: detect items
   295 | D:1      | XOM: silly message
   368 | D:1      | Reached skill level 1 in Stealth
   572 | D:2      | Reached XP level 3. HP: 11/26 MP: 3/3
   677 | D:1      | XOM: silly message
  1638 | D:1      | XOM: divination: detect items
  2025 | D:1      | XOM: summons 2 hostile demons
  2252 | D:2      | XOM: summons 2 hostile demons
  2253 | D:2      | Noticed a chaos spawn
  2444 | D:1      | XOM is BORED!
  2444 | D:1      | XOM: give mutations
  2444 | D:1      | Gained mutation: You are frail. (-10% HP) [Xom's mischief]
  2444 | D:1      | Lost mutation: You are frail. (-10% HP) [Xom's mischief]
  3146 | D:1      | XOM: summons 2 hostile shadow creatures
  4087 | D:1      | XOM: summons 2 hostile demons
  4088 | D:1      | Noticed a hellwing
  4810 | D:1      | XOM: give mutation
  4810 | D:1      | Gained mutation: Your flesh is heat resistant. (rF+) [Xom's
                  | mischief]
  5914 | D:1      | XOM: give mutations
  5914 | D:1      | Gained mutation: You are weak. (Str -2) [Xom's mischief]
  5914 | D:1      | Gained mutation: You occasionally shout uncontrollably at
                  | your foes. [Xom's mischief]
  5914 | D:1      | Gained mutation: You are very weak. (Str -4) [Xom's
                  | mischief]
  6588 | D:1      | XOM is BORED!
  7060 | D:1      | XOM: summons 2 hostile demons
  7242 | D:2      | XOM: 2-stop teleportation journey
  7246 | D:2      | XOM: cast spell 'Discord'
  7251 | D:2      | Found a faded altar of an unknown god.
  7265 | D:2      | Reached XP level 4. HP: 23/31 MP: 4/4
  7327 | D:2      | XOM: god gift: pair of gloves {god gift}
  7398 | D:2      | Found Votus's Book Emporium.
  7539 | D:2      | Slain by an orc

Illustrated notes

Levels and vault maps discovered:
D:1:      eino_arrival_cavern_a, layout_basic
D:2:      layout_basic, serial_shops, nicolae_diamond_shop,
          nicolae_shop_peninsula, nicolae_lakefront_shop,
          nicolae_shop_behind_doors, hellmonk_ecumenical_altar_blasted

Skill      XL: |  1  2  3 |
---------------+----------+-----
Stealth        | 1 2 |  2.7
Fighting       | |  3.5
Short Blades   | |  3.7
Dodging        | |  2.7

Action                     |  1- 3 |  4- 6 || total
---------------------------+-------+-------++-------
  Melee: Short sword       |    32 |    14 ||    46
         Constrict         |     7 |     4 ||    11
         Tentacles         |     6 |     4 ||    10
   Stab: Sleeping          |     7 |       ||     7
 Armour: Skin              |    13 |    12 ||    25
  Dodge: Dodged            |    18 |    10 ||    28

Table legend: (Time is in decaauts)
 A = Elapsed time spent in this place.
 B = Non-inter-level travel time spent in this place.
 C = Inter-level travel time spent in this place.
 D = Time resting spent in this place.
 E = Time spent auto-exploring this place.
 F = Levels seen in this place.
 G = Mean time per level.
                   A        B        C        D        E       F      G
               +--------+--------+--------+--------+--------+-----+--------+
         Total |   7534 |   7496 |     38 |   6711 |    608 |   2 | 3767.0 |
       Dungeon |   7534 |   7496 |     38 |   6711 |    608 |   2 | 3767.0 |
               +--------+--------+--------+--------+--------+-----+--------+

Top non-repeatable levels by time:
     D:1: 6114 daAuts
     D:2: 1420 daAuts
